 Dungeon Crawl Stone Soup version 0.31-a0-369-g8eba5f6939 (webtiles) character file.

Game seed: 6451195306323035662

107 gelatine the Chopper (level 4, -1/34 HPs)
             Began as a Demonspawn Gladiator on July 28, 2023.
             Succumbed to an adder's poison
             ... on level 4 of the Dungeon.
             The game lasted 00:05:26 (2031 turns).

gelatine the Chopper (Demonspawn Gladiator)         Turns: 2031, Time: 00:05:27

Health: -1/34      AC:  9    Str: 16    XL:     4   Next: 56%
Magic:  1/4        EV: 12    Int:  9    God:
Gold:   197        SH:  0    Dex: 17    Spells: 3/3 levels left

rFire   + . .        a - +0 war axe
rCold   . . .        (no shield)
rNeg    . . .        o - +1 ring mail of the Trees {+Blink rF+ Dex+2}
rPois   .            c - +0 helmet
rElec   .            (no cloak)
rCorr   .            i - +1 pair of gloves
SInv    .            (no boots)
Will    .....        k - amulet of guardian spirit
Stlth   +            (no ring)
HPRegen 0.25/turn    (no ring)
MPRegen 0.09/turn

%: guardian spirit
@: lethally poisoned (-1 -> -4)
A: sturdy frame 1
a: Evoke Blink


You were on level 4 of the Dungeon.
You visited 1 branch of the dungeon, and saw 5 of its levels.

You collected 197 gold pieces.

Inventory:

Hand Weapons
 a - a +0 war axe (weapon)
Missiles
 d - 3 throwing nets (quivered)
 e - a javelin
 p - 2 boomerangs
Armour
 c - a +0 helmet (worn)
 g - a +3 ring mail
 i - a +1 pair of gloves (worn)
 o - the +1 ring mail of the Trees (worn) {+Blink rF+ Dex+2}
   (You found it on level 3 of the Dungeon)

   Dex:       It affects your dexterity (+2).
   rF:        It protects you from fire.
   +Blink:    It lets you blink.
Jewellery
 k - an amulet of guardian spirit (around neck)
Scrolls
 b - a scroll of brand weapon {unknown}
 f - 2 scrolls of teleportation
 h - a scroll of noise
 j - a scroll of amnesia
 n - a scroll of vulnerability {unknown}
Potions
 l - a potion of heal wounds {unknown}


   Skills:
 * Level 2.5 Fighting
 * Level 3.9 Axes
 + Level 1.7 Throwing
 * Level 0.7 Armour
 * Level 3.3 Dodging
 * Level 0.1 Evocations


You had 3 spell levels left.
You didn't know any spells.
Your spell library contained the following spells:

 Spells                   Type           Power      Damage    Failure   Level
 Hailstorm                Conj/Ice       0%         3d3       86%         3
 Summon Ice Beast         Ice/Summ       0%         N/A       99%         4
 Simulacrum               Ice/Necr       0%         N/A       100%        6


Dungeon Overview and Level Annotations

Branches:
Dungeon (5/15)
 Temple: D:4-7

Altars:

Annotations:
D:4 Eustachio


Innate Abilities, Weirdness & Mutations

Your movements are slightly less encumbered by armour. (ER -2)


Message History

The adder closely misses you. x2; The giant cockroach closely misses you.
You barely miss the adder. You hit the giant cockroach.
You kill the giant cockroach!
You barely miss the adder. The adder closely misses you.
The adder misses you. x2
The adder bites you.
* * * LOW HITPOINT WARNING * * *
You miss the adder. You hit the adder. The adder bites you but does no damage.
The adder barely misses you. The adder closely misses you. The adder bites you.
* * * LOW HITPOINT WARNING * * *
You are poisoned.
The adder poisons you!
You hit the adder.
The adder is lightly wounded.
You miss the adder.
You feel sick. The adder barely misses you. The adder closely misses you.
The adder misses you.
You closely miss the adder.
The adder is lightly wounded.
You closely miss the adder.
You feel sick. The adder barely misses you. The adder misses you.
The adder bites you but does no damage.
You hit the adder but do no damage.
The adder is lightly wounded.
You barely miss the adder.
You feel sick.
The adder bites you but does no damage. x3; The adder bites you.
* * * LOW HITPOINT WARNING * * *
You closely miss the adder.
The adder is lightly wounded.
You hit the adder but do no damage.
You feel sick.
You are no longer poisoned.
The adder bites you but does no damage. The adder barely misses you. x2
The adder bites you but does no damage.
You closely miss the adder.
The adder is moderately wounded.
You hit the adder. The adder bites you.
* * * LOW HITPOINT WARNING * * *
You are lethally poisoned!
The adder poisons you! The adder closely misses you.
You hit the adder.
You kill the adder!
You closely miss the adder.
You die...

.....r#
#####.......##
#..##
#.............
.
#.............
#.............
#.............
#.............
#....)........
#..^.†@.......
#....S........
#.....!.......
#.............
##############


You could see an adder.

Vanquished Creatures
  A lemure (D:4)
  4 adders
  4 worms (D:2)
  5 orcs (D:3)
  3 bats
  5 endoplasms (D:1)
  5 giant cockroaches
  9 goblins
  4 hobgoblins
  A jackal (D:2)
  4 quokkas
  9 ball pythons
  2 frilled lizards
  4 kobolds
  A rat (D:1)
61 creatures vanquished.

Notes
Turn   | Place    | Note
-------+----------+-------------------------------------------
     0 | D:1      | gelatine the Demonspawn Gladiator began the quest for the
                  | Orb.
     0 | D:1      | Reached XP level 1. HP: 16/16 MP: 1/1
   158 | D:1      | Gained mutation: Your movements are slightly less
                  | encumbered by armour. (ER -2) [demonic ancestry]
   158 | D:1      | Reached XP level 2. HP: 22/22 MP: 2/2
   607 | D:1      | Reached XP level 3. HP: 27/27 MP: 3/3
  1685 | D:3      | Identified the +1 ring mail of the Trees {+Blink rF+ Dex+2}
  1695 | D:3      | Reached XP level 4. HP: 34/34 MP: 4/4
  1884 | D:3      | You fall into a shaft and drop 2 floors!
  1884 | D:5      | Entered Level 5 of the Dungeon
  1885 | D:5      | Noticed an ogre
  1887 | D:5      | Noticed an ogre
  1893 | D:5      | Noticed an ogre
  1980 | D:4      | Noticed a lemure
  1980 | D:4      | Noticed a lemure
  1993 | D:4      | Noticed Eustachio
  2006 | D:4      | Killed a lemure
  2030 | D:4      | HP: 1/34 [adder (2)]
  2031 | D:4      | Succumbed to an adder's poison

Illustrated notes

Levels and vault maps discovered:
D:1:      spicycebolla_arrival_clurvy, layout_basic
D:2:      layout_loops_ring, kennysheep_generic_room_16
D:3:      layout_loops_cross, st_stairs_13
D:4:      layout_basic, uniq_pikel, uniq_eustachio
D:5:      layout_cave_pools, nicolae_uskayaw_murder_on_the_dancefloor,
          chequers_serial_rivers_large_a, uniq_blork_the_orc

Skill      XL: |  1  2 |
---------------+-------+-----
Axes           | 3 |  3.9
Dodging        | 3 |  3.3
Fighting       | |  2.5
Throwing       | |  1.7
Armour         | |  0.7
Evocations     | |  0.1

Action                     |  1- 3 |  4- 6 || total
---------------------------+-------+-------++-------
  Melee: War axe           |   127 |    68 ||   195
         Punch             |     2 |       ||     2
    Use: Scroll            |       |     8 ||     8
         Potion            |       |     1 ||     1
   Stab: Sleeping          |     2 |       ||     2
 Armour: Ring mail         |    76 |    47 ||   123
         Leather armour    |     1 |       ||     1
  Dodge: Dodged            |    94 |    75 ||   169

Table legend: (Time is in decaauts)
 A = Elapsed time spent in this place.
 B = Non-inter-level travel time spent in this place.
 C = Inter-level travel time spent in this place.
 D = Time resting spent in this place.
 E = Time spent auto-exploring this place.
 F = Levels seen in this place.
 G = Mean time per level.
                   A        B        C        D        E       F      G
               +--------+--------+--------+--------+--------+-----+--------+
         Total |   2094 |   1993 |    101 |      0 |   1357 |   5 |  418.8 |
       Dungeon |   2094 |   1993 |    101 |      0 |   1357 |   5 |  418.8 |
               +--------+--------+--------+--------+--------+-----+--------+

Top non-repeatable levels by time:
     D:1: 1017 daAuts
     D:2: 645 daAuts
     D:3: 271 daAuts
     D:4: 144 daAuts
     D:5: 15 daAuts
